AoeStats
← InTrUsIoN

Arabia

506201286Analyzed
1v1 RM · 19d ago on Sep 12, 2026· 68m 12s· 2 players
Game mode
Random Map
Map size
Tiny (2 player)
Population
200
Speed
Normal
Resources
Standard
Victory
Conquest
Starting age
Dark Age
Ending age
Imperial Age
RankedLock teamsTeams togetherTeam positionsShared explorationLock speedFull tech treeHidden civsTurbo modeCheats
Victory
Defeat
🇩🇪 Burgundians · Germany
444
+15
🇺🇸 Vietnamese · United States
433
-15
InTrUsIoN
8:13 Loom
13:51 Feudal Age
15:18 Wheelbarrow
14:32 Double-Bit Axe
14:51 Horse Collar
19:42 Fletching
20:03 Forging
21:15 Padded Archer Armor
24:33 Castle Age
22:51 Stone Mining
24:34 Crossbowman
27:20 Pikeman
33:02 Heavy Plow
33:05 Gold Mining
36:09 Hand Cart
37:40 Husbandry
37:02 Light Cavalry
37:54 Bloodlines
37:43 Bodkin Arrow
38:04 Leather Archer Armor
38:26 Iron Casting
37:57 Scale Barding Armor
39:19 Stone Shaft Mining
38:46 Town Watch
39:50 Elite Skirmisher
43:42 Imperial Age
42:40 Chain Barding Armor
42:34 Thumb Ring
42:57 Ballistics
43:48 Murder Holes
44:25 Imperial Skirmisher
48:52 Bow Saw
51:46 Two-Man Saw
51:29 Crop Rotation
53:30 Chemistry
52:42 Bracer
55:28 Halberdier
59:07 Squires
65:46 Cavalier
67:12 Plate Barding Armor
evobestia
6:11 Double-Bit Axe
12:06 Horse Collar
13:11 Wheelbarrow
15:07 Feudal Age
13:45 Gold Mining
17:12 Hand Cart
19:53 Castle Age
18:13 Heavy Plow
23:28 Bow Saw
24:56 Scale Barding Armor
27:56 Chain Barding Armor
29:47 Crop Rotation
34:24 Man-at-Arms
37:11 Squires
39:52 Imperial Age
38:55 Two-Man Saw
38:22 Forging
38:12 Scale Mail Armor
38:52 Gold Shaft Mining
38:11 Stone Mining
38:22 Elite Skirmisher
38:30 Crossbowman
38:58 Arson
40:18 Elite Coustillier
42:04 Chemistry
40:55 Guard Tower
41:44 Plate Barding Armor
41:08 Capped Ram
42:17 Burgundian Vineyards
42:22 Pikeman
42:24 Long Swordsman
44:55 Fortified Wall
45:23 Keep
45:44 Two-Handed Swordsman
48:38 Arrowslits
51:22 Stone Shaft Mining
53:29 Bombard Tower
57:26 Ballistics
63:56 Fortified Wall
66:41 Onager
Connection lost

Rejoining the realm…

Still unreachable

The connection could not be restored.

Session expired

The server has moved on; the page needs a fresh start.